 Dungeon Crawl Stone Soup version 0.18.1-48-g4cf74bf (webtiles) character file.

70 Joat the Insei (level 4, 0/29 HPs)
             Began as an Octopode Transmuter on Aug 10, 2016.
             Killed from afar by Natasha (8 damage)
             ... with a magic dart
             ... on level 2 of the Dungeon.
             The game lasted 00:05:36 (1462 turns).

Joat the Insei (Octopode Transmuter)                Turns: 1462, Time: 00:05:37

Health: 0/29       AC:  1    Str:  9    XL:     4   Next: 22%
Magic:  7/7        EV: 13    Int: 15    God:
Gold:   53         SH:  0    Dex: 13    Spells: 1 memorised, 6 levels left

rFire  . . .     SeeInvis .       - Unarmed
rCold  . . .     Gourm    .     (no shield)
rNeg   . . .     Faith    .     (helmet restricted)
rPois  .         Spirit   .     (no amulet)
rElec  .         Dismiss  .     e - ring of wizardry
rCorr  .         Reflect  .     (no ring)
SustAt .         Harm     .     (no ring)
MR     .....                    (no ring)
Stlth  ++........               (no ring)
                                (no ring)
                                (no ring)
                                (no ring)

@: not resistant to hostile enchantments, unstealthy
A: almost no armour, amphibious, 8 rings, constrict 8, camouflage 1, gelatinous
body 1
a: no special abilities


You were on level 2 of the Dungeon.
You were not hungry.

You visited 1 branch of the dungeon, and saw 2 of its levels.

You collected 53 gold pieces.

Inventory:

Missiles
 a - 12 arrows
 g - 4 tomahawks (quivered)
Jewellery
 e - a ring of wizardry (left tentacle)
Scrolls
 i - a scroll of amnesia {unknown}
 j - a scroll of random uselessness {unknown}
 k - 2 scrolls of identify {unknown}
Books
 b - a book of Changes

   Spells                             Type                      Level
   a - Beastly Appendage              Transmutation                1
   b - Sticks to Snakes               Transmutation                2
   c - Spider Form                    Transmutation/Poison         3
   d - Ice Form                       Ice/Transmutation            4
   e - Blade Hands                    Transmutation                5
Comestibles
 c - 2 bread rations


   Skills:
 + Level 1.9 Fighting
 + Level 3.1 Dodging
 + Level 3.8 Unarmed Combat
 - Level 2.0 Spellcasting
 - Level 2.0 Transmutations


You had 6 spell levels left.
You knew the following spells:

 Your Spells              Type           Power        Failure   Level  Hunger
a - Beastly Appendage     Trmt           #.....       4%          1    #......


Dungeon Overview and Level Annotations

Branches:
Dungeon (2/15)

Altars:
Okawaru

Annotations:
D:2 Natasha


Innate Abilities, Weirdness & Mutations

You cannot wear most types of armour.
You are amphibious.
You can wear up to eight rings at the same time.
You can use your tentacles to constrict eight enemies at once.
Your skin changes colour to match your surroundings (Stealth).
Your rubbery body absorbs attacks (AC +1).


Message History

You constrict Natasha, but do no damage.
The shadow imp closely misses you. Natasha claws you!
You tentacle-slap Natasha but do no damage.
Natasha is moderately wounded.
You constrict Natasha. The rat closely misses you.
The shadow imp gestures at you. Pain shoots through your body!
* * * LOW HITPOINT WARNING * * *
Natasha misses you.
You aren't carrying any items that you can evoke.
You release your grip on Natasha.
Your transformation is almost over.
Natasha wildly gestures.
Natasha shimmers violently.
Your tentacle spike disappears.
Natasha howls an incantation.
Natasha glows brightly for a moment.
Natasha casts a spell at you. The magic dart hits you!
You die...

..#............#...######..#
.
#.....รท.(....#.#.........#
...............#5#.####### #
...............#.#.#######
...............#.........#
...............#.h.......#
###............#r........#
#............#.......###
#............#@#.###...
#<#... .##. ........##### .
.....##.# . .... ... ... ...
.. ..... . ##### ##_##


You could see Natasha, a shadow imp and a rat.

Vanquished Creatures
  Natasha (D:2)
  An adder (D:2)
  2 dart slugs (D:1)
  A worm (D:2)
  2 giant geckos
  3 giant cockroaches (D:1)
  3 goblins
  4 hobgoblins
  5 kobolds
  A giant newt (D:1)
  4 rats
27 creatures vanquished.

Notes
Turn   | Place    | Note
--------------------------------------------------------------
     0 | D:1      | Joat the Octopode Transmuter began the quest for the Orb.
     0 | D:1      | Reached XP level 1. HP: 13/13 MP: 3/3
   185 | D:1      | Reached XP level 2. HP: 18/18 MP: 3/5
   454 | D:1      | Reached XP level 3. HP: 14/23 MP: 6/6
   861 | D:2      | Found an iron altar of Okawaru.
   862 | D:2      | Noticed Natasha
  1140 | D:2      | Killed Natasha
  1140 | D:2      | Reached XP level 4. HP: 9/29 MP: 5/7
  1189 | D:2      | Noticed Natasha
  1462 | D:2      | Killed from afar by Natasha

Skill      XL: |  1  2  3 |
---------------+----------+-----
Dodging        | 3 |  3.1
Fighting       | |  1.9
Unarmed Combat | |  3.8
Spellcasting   | |  2.0
Transmutations | |  2.0

Action                   |  1- 3 |  4- 6 || total
-------------------------+-------+-------++-------
Melee: Unarmed           |    67 |     5 ||    72
       Constrict         |    18 |     2 ||    20
       Kick              |     8 |     1 ||     9
       Tentacles         |     4 |     1 ||     5
       Punch             |     1 |     1 ||     2
 Cast: Beastly Appendage |     7 |     1 ||     8
  Use: Scroll            |     2 |     1 ||     3
       Potion            |     2 |       ||     2
 Stab: Sleeping          |     4 |       ||     4
  Eat: Chunk             |     1 |     1 ||     2
Armor: Skin              |     3 |       ||     3
Dodge: Dodged            |    34 |     4 ||    38
